 Dungeon Crawl Stone Soup version 0.29-a0-284-gf9362112df (webtiles) character file.

Game seed: 285470424820027569

50 snetch the Magician (level 4, 0/31 HPs)
             Began as a Djinni Fire Elementalist on Mar 25, 2022.
             Was an Initiate of Ru.
             Slain by an orc
             ... wielding a +0 club
              (1 damage)
             ... on level 3 of the Dungeon.
             The game lasted 00:03:16 (936 turns).

snetch the Magician (Djinni Fire Elementalist)       Turns: 936, Time: 00:03:16

Health: 0/31       AC:  3    Str:  7    XL:     4   Next: 4%
Gold:   35         EV: 12    Int: 19    God:    Ru [......] SH:  0 Dex: 13

rFire   + + .      SeeInvis .   m - +1 dagger (venom)
rCold   x . .      Faith    .   (no shield)
rNeg    . . .      Spirit   .   a - +0 robe
rPois   ∞          Reflect  .   (no helmet)
rElec   .          Harm     .   (no cloak)
rCorr   .          Rampage  .   k - +0 pair of gloves
Will    .....                   (boots unavailable)
Stlth   ++........              (no amulet)
HPRegen 0.10/turn               (no ring)
MPRegen 0.00/turn               (no ring)

@: flying, very slightly contaminated
A: sickness immunity, fire resistance 2, cold vulnerability 1, float, innate
caster, HP casting, extra vitality 1
a: Renounce Religion


You were on level 3 of the Dungeon.
You worshipped Ru.
Ru was noncommittal.
You visited 1 branch of the dungeon, and saw 3 of its levels.

You collected 35 gold pieces.

Inventory:

Hand Weapons
 g - a +0 short sword
 m - a +1 dagger of venom (weapon)
Missiles
 b - 6 poisoned darts
 c - 69 stones
Armour
 a - a +0 robe (worn)
 k - a +0 pair of gloves (worn)
 o - a +0 ring mail
Scrolls
 e - a scroll of brand weapon {unknown}
 f - a scroll of enchant armour {unknown}
 l - 2 scrolls of identify {unknown}
 p - a scroll of amnesia {unknown}
Potions
 d - a potion of haste {unknown}
 h - a potion of berserk rage {unknown}
 i - a potion of might {unknown}
 j - a potion of heal wounds {unknown}
 n - a potion of curing {unknown}


   Skills:
 + Level 2.4 Dodging
 + Level 1.8 Stealth
 + Level 3.4 Spellcasting


You couldn't memorise any spells.
You knew the following spells:

 Your Spells              Type           Power      Damage    Failure   Level
a - Foxfire               Conj/Fire      64%        2x1d7     3%          1
b - Scorch                Fire           32%        2d6       5%          2
c - Conjure Flame         Conj/Fire      16%        6-21      11%         3
d - Inner Flame           Hex/Fire       16%        N/A       11%         3
e - Flame Wave            Conj/Fire      16%        2d6       34%         4
f - Pain                  Necr           64%        1d7       3%          1
Your spell library was empty.

Dungeon Overview and Level Annotations

Branches:
Dungeon (3/15)

Altars:
Makhleb
Okawaru
Ru


Innate Abilities, Weirdness & Mutations

You are immune to sickness and miasma.
You are immune to poison.
Your flesh is very heat resistant. (rF++)
You are vulnerable to cold. (rC-)
You float through the air rather than walking.
You learn spells naturally, not from books.
Your magical power is your life essence.
You have superior vitality. (+4 MHP)


Message History

Flames lash the orc.
The orc is lightly wounded.
The orc's fire resistance burns away.
The orc shouts!
Casting: Scorch (safe; 6% risk of failure)
Confirm with . or Enter, or press ? or * to list all spells.
You miscast Scorch.
You are very lightly contaminated with residual magic.
Nothing appears to happen.
* * * LOW HITPOINT WARNING * * *
Casting: Scorch (safe; 6% risk of failure)
Confirm with . or Enter, or press ? or * to list all spells.
Flames lash the orc but do no damage.
* * * LOW HITPOINT WARNING * * *
The orc is no longer more vulnerable to fire.
The orc closely misses you.
Casting: Scorch (safe; 6% risk of failure)
Confirm with . or Enter, or press ? or * to list all spells.
Flames lash the orc.
You kill the orc!
* * * LOW HITPOINT WARNING * * *
The orc hits you but does no damage.
You have reached level 4!
You feel clever.
Casting: Scorch (safe; 5% risk of failure)
Confirm with . or Enter, or press ? or * to list all spells.
Flames lash the orc.
You kill the orc!
* * * LOW HITPOINT WARNING * * *
Casting: Scorch (safe; 5% risk of failure)
Confirm with . or Enter, or press ? or * to list all spells.
Flames lash the orc.
The orc is severely wounded.
The orc's fire resistance burns away.
* * * LOW HITPOINT WARNING * * *
The orc barely misses you.
You hit the orc.
The orc is poisoned.
The orc is severely wounded.
The orc hits you with a +0 club.
You die...

.....###### #.
##................
#.##..#.....#........
####..... .....#........
......... #.#.##........
........###.#........###
......#)##....##...#.#
.......o##..#....#####
.......@).........#
.............#.####
...#.#.......#†# #
#............#
#..##.#....###
.......#....#
.....##.....# #...#
#.....# ## .....#


You could see an orc (very poisoned, combustible).

Vanquished Creatures
  An adder (D:3)
  A worm (D:3)
  2 dart slugs (D:1)
  3 orcs (D:3)
  A bat (D:1)
  3 endoplasms
  2 giant cockroaches
  4 goblins
  A quokka (D:2)
  2 ball pythons (D:1)
  2 frilled lizards (D:1)
  5 kobolds
  4 rats
31 creatures vanquished.

Vanquished Creatures (others)
  73 foxfires
73 creatures vanquished.

Grand Total: 104 creatures vanquished

Notes
Turn   | Place    | Note
-------+----------+-------------------------------------------
     0 | D:1      | snetch the Djinni Fire Elementalist began the quest for the
                  | Orb.
     0 | D:1      | Reached XP level 1. HP: 15/15 MP: 0/0
   166 | D:2      | Reached XP level 2. HP: 10/21 MP: 0/0
   476 | D:1      | Reached skill level 3 in Spellcasting
   672 | D:1      | Reached XP level 3. HP: 22/25 MP: 0/0
   672 | D:1      | Learned a level 1 spell: Pain
   869 | D:3      | Found a sacrificial altar of Ru.
   869 | D:3      | Found an iron altar of Okawaru.
   869 | D:3      | Found a burning altar of Makhleb.
   877 | D:3      | Became a worshipper of Ru the Awakened
   934 | D:3      | Reached XP level 4. HP: 5/31 MP: 0/0
   936 | D:3      | Slain by an orc

Illustrated notes

Levels and vault maps discovered:
D:1:      eino_arrival_water_star, layout_basic, st_stairs_6, skrybe_limestone_x
D:2:      layout_rooms, shapermc_ecumenical_altar_ellora, kennysheep_doodads
D:3:      layout_rooms, gammafunk_temple_overflow_forgotten,
          gup_sewer_entry_bubbles, kennysheep_generic_room_7, uniq_terence,
          uniq_crazy_yiuf_cottage

Skill      XL: |  1  2 |
---------------+-------+-----
Spellcasting   | 3 |  3.4
Dodging        | |  2.4
Stealth        | |  1.8

Action                   |  1- 3 |  4- 6 || total
-------------------------+-------+-------++-------
Melee: Unarmed           |     1 |       ||     1
       Short sword       |     6 |       ||     6
       Dagger            |     5 |     1 ||     6
 Cast: Foxfire           |    42 |       ||    42
       Scorch            |     6 |     2 ||     8
Armor: Robe              |     5 |       ||     5
Dodge: Dodged            |    12 |     1 ||    13

Table legend: (Time is in decaauts)
 A = Elapsed time spent in this place.
 B = Non-inter-level travel time spent in this place.
 C = Inter-level travel time spent in this place.
 D = Time resting spent in this place.
 E = Time spent auto-exploring this place.
 F = Levels seen in this place.
 G = Mean time per level.
                   A        B        C        D        E       F      G
               +--------+--------+--------+--------+--------+-----+--------+
         Total |    936 |    936 |      0 |      0 |    599 |   3 |  312.0 |
       Dungeon |    936 |    936 |      0 |      0 |    599 |   3 |  312.0 |
               +--------+--------+--------+--------+--------+-----+--------+

Top non-repeatable levels by time:
     D:1: 740 daAuts
     D:2: 113 daAuts
     D:3: 82 daAuts
